 Dungeon Sprint DCSS version 0.19.1 (webtiles) character file.

184 KingBobo974 the Covered (level 5, -1/32 HPs)
             Began as a Gargoyle Fighter on Dec 14, 2016.
             Was an Initiate of Okawaru.
             Slain by an unseen horror (6 damage)
             ... in the Dungeon (Sprint IX: "|||||||||||||||||||||||||||||").
             The game lasted 00:03:21 (365 turns).

KingBobo974 the Covered (Gargoyle Fighter)           Turns: 365, Time: 00:03:21

Health: -1/32      AC: 12    Str: 21    XL:     5   Next: 64%
Magic:  5/5        EV:  9    Int:  8    God:    Okawaru [......]
Gold:   0          SH:  0    Dex:  5    Spells: 0 memorised, 4 levels left

rFire  x . .     SeeInvis .     p - +2 dire flail "Liang" {crush, rF- rN+++ MR+++ Dex-4}
rCold  . . .     Gourm    .     b - +0 scale mail
rNeg   + + +     Faith    .     (shield currently unavailable)
rPois  ∞         Spirit   .     (no helmet)
rElec  +         Reflect  .     (no cloak)
rCorr  .         Harm     .     (no gloves)
MR     +++..     NoTele   +     (no boots)
Stlth  ..........               (no amulet)
                                (no ring)
                                (no ring)

@: no status effects
A: negative energy resistance 1, electricity resistance, unbreathing,
petrification resistance, rot immunity, AC +4
a: Renounce Religion


You were in the Dungeon.
You worshipped Okawaru.
Okawaru was noncommittal.
You were not hungry.

You visited 1 branch

Inventory:

Hand Weapons
 a - a +0 flail
 p - the +2 dire flail "Liang" (weapon) {crush, rF- rN+++ MR+++ Dex-4}
   (You found it in the Dungeon)

   It inflicts extra damage upon your enemies.
   It affects your dexterity (-4).
   It makes you vulnerable to fire.
   It renders you almost immune to negative energy.
   It affects your resistance to hostile enchantments.
 q - a +2 halberd of protection
 r - a +0 lajatang of protection
 s - a +2 rapier of venom
 t - the +2 scimitar of the Big Bang {distort, rC- MR+ Str+3}
   (You found it in the Dungeon)

   It warps and distorts space around it.
   Unwielding it can cause banishment or high damage.
   It affects your strength (+3).
   It makes you vulnerable to cold.
   It affects your resistance to hostile enchantments.
 u - a +3 war axe of freezing
Armour
 b - a +0 scale mail (worn)
 c - a +0 shield
 v - a +0 cloak
 w - a +0 cloak
 x - a +1 chain mail
Magical Staves
 A - an uncursed staff of energy
Jewellery
 y - a +3 ring of dexterity
 z - a +3 ring of intelligence
Wands
 o - a wand of lightning (7/15)
Scrolls
 k - 2 scrolls of blinking
 m - 3 scrolls of remove curse
 n - 2 scrolls of amnesia
Potions
 d - a potion of might
 e - 5 potions of curing
 g - 3 potions of heal wounds
 h - a potion of haste
 i - 4 potions of magic
 j - a potion of berserk rage
 l - a potion of invisibility
Comestibles
 f - a bread ration


   Skills:
 - Level 3.2 Fighting
 * Level 6.6 Maces & Flails
 * Level 7.7 Armour
 * Level 7.7 Shields


You had 4 spell levels left.
You didn't know any spells.

Dungeon Overview and Level Annotations

Branches:
Dungeon (1/1)

Altars:
Cheibriados
Dithmenos
Elyvilon
Fedhas
Gozag
Hepliaklqana
Kikubaaqudgha
Makhleb
Nemelex Xobeh
Okawaru
Qazlal
Ru
Sif Muna
Trog
Uskayaw
Vehumet
Xom
Yredelemnul
Zin
The Shining One
Beogh
Jiyva
Lugonu


Innate Abilities, Weirdness & Mutations

You are resistant to torment.
Your stone body is resilient. (AC +4)
You are immune to poison.
You resist negative energy. (rN+)
You are resistant to electric shocks. (rElec)
You can survive without breathing.
You are immune to petrification.
You are immune to rotting.


Message History

The iguana bites you.
You puncture the iguana!
You kill the iguana!
Okawaru accepts your kill. Something hits you but does no damage.
Deactivating autopickup; reactivate with Ctrl-A.
You completely miss something.
Something hits you but does no damage. x2
You closely miss something. Something hits you but does no damage.
Something hits you.
You puncture something!
Something hits you but does no damage. x2
You barely miss something.
Something hits you but does no damage. x2
You barely miss something. Something hits you.
You closely miss something. Something hits you but does no damage.
Something hits you. x2
* * * LOW HITPOINT WARNING * * *
You completely miss something. Something hits you but does no damage.
Something hits you.
* * * LOW HITPOINT WARNING * * *
You barely miss something. Something completely misses you. Something hits you.
You die... ▓▓▓▓▓▓▓▓▓▓▓▓▓▓▓▓▓▓▓▓▓▓▓▓ ....Fa{@........'.______ ▓▓▓▓▓▓▓▓▓▓▓▓▓▓▓▓▓▓▓▓▓▓▓▓

You could see a bullfrog and a worker ant.

Vanquished Creatures
  A phantom (D)
  An orc wizard (D)
  An iguana (D)
  A worker ant (D)
  An adder skeleton (D)
  2 adder zombies (D)
  A dart slug (D)
  An orc (D)
  A goblin (D)
  A hobgoblin (D)
  A bat (D)
  A rat (D)
13 creatures vanquished.

Notes
Turn   | Place    | Note
-------+----------+-------------------------------------------
     0 | D        | KingBobo974 the Gargoyle Fighter began the quest for the Orb.
     0 | D        | Reached XP level 1. HP: 14/14 MP: 1/1
    20 | D        | Reached XP level 2. HP: 19/19 MP: 2/2
    26 | D        | Noticed a phantom
    30 | D        | Reached skill level 5 in Armour
    30 | D        | Reached skill level 5 in Shields
    30 | D        | Reached XP level 3. HP: 17/23 MP: 3/3
    76 | D        | Killed a phantom
    76 | D        | Reached skill level 5 in Maces & Flails
    76 | D        | Reached XP level 4. HP: 8/28 MP: 4/4
    76 | D        | Reached XP level 5. HP: 9/32 MP: 5/5
    83 | D        | Found a roughly hewn altar of Beogh.
    83 | D        | Found a snail-covered altar of Cheibriados.
    83 | D        | Found a shadowy altar of Dithmenos.
    83 | D        | Found a white marble altar of Elyvilon.
    83 | D        | Found a blossoming altar of Fedhas.
    83 | D        | Found an opulent altar of Gozag.
    84 | D        | Found a hazy altar of Hepliaklqana.
    85 | D        | Found a viscous altar of Jiyva.
    86 | D        | Found an ancient bone altar of Kikubaaqudgha.
    87 | D        | Found a corrupted altar of Lugonu.
    88 | D        | Found a burning altar of Makhleb.
    89 | D        | Found a sparkling altar of Nemelex Xobeh.
    90 | D        | Found an iron altar of Okawaru.
    91 | D        | Found a stormy altar of Qazlal.
    92 | D        | Found a sacrificial altar of Ru.
    93 | D        | Found a deep blue altar of Sif Muna.
    94 | D        | Found a bloodstained altar of Trog.
    95 | D        | Found a hide-covered altar of Uskayaw.
    96 | D        | Found a radiant altar of Vehumet.
    97 | D        | Found a shimmering altar of Xom.
    98 | D        | Became a worshipper of Warmaster Okawaru
    99 | D        | Found a basalt altar of Yredelemnul.
   100 | D        | Found a glowing silver altar of Zin.
   101 | D        | Found a glowing golden altar of the Shining One.
   318 | D        | Got the +2 dire flail "Liang" {crush, rF- rN+++ MR+++ Dex-4}
   318 | D        | Got the +2 scimitar of the Big Bang {distort, rC- MR+ Str+3}
   365 | D        | Slain by an unseen horror

Skill      XL: |  1  2  3  4  5 |
---------------+----------------+-----
Armour         | 4 5 7 |  7.7
Shields        | 4 5 6 7 |  7.7
Maces & Flails | 3 5 6 |  6.6
Fighting       | |  3.2

Action                   |  1- 3 |  4- 6 || total
-------------------------+-------+-------++-------
Melee: Flail             |    60 |       ||    60
       Dire flail        |       |    15 ||    15
Armor: Scale mail        |    27 |    10 ||    37
Dodge: Dodged            |    13 |     3 ||    16
Block: Shield            |    26 |       ||    26
